 Dungeon Sprint DCSS version 0.21-a0-460-g737a915 (webtiles) character file.

1212 Kidiri the Thaumaturge (level 8, -3/112 HPs)
             Began as a Purple Draconian Transmuter on Nov 20, 2017.
             Was a Believer of Sif Muna.
             Slain by a centaur warrior (12 damage)
             ... in the Dungeon (Sprint I: "Red Sonja").
             The game lasted 00:04:30 (1145 turns).

Kidiri the Thaumaturge (DrTm)                       Turns: 1145, Time: 00:04:32

Health: -3/112     AC:  6    Str: 18    XL:     8   Next: 22%
Magic:  16/20      EV: 16    Int: 14    God:    Sif Muna [**....]
Gold:   405        SH:  0    Dex: 13    Spells: 9/24 levels left

rFire    . . .     SeeInvis .     - Unarmed
rCold    . . .     Gourm    .   (shield currently unavailable)
rNeg     . . .     Faith    .   (armour unavailable)
rPois    .         Spirit   .   (helmet restricted)
rElec    .         Reflect  .   (no cloak)
rCorr    .         Harm     .   (gloves currently unavailable)
MR       +....     NoTele   +   (no boots)
Stlth    ..........             (no amulet)
HPRegen  0.28/turn              e - ring of loudness (curse)
MPRegen  0.17/turn              (no ring)

@: berserking, blade hands (expiring), very quick
A: breathe power, unfitting armour, cold-blooded, AC +6
a: Breathe Dispelling Energy, End Transformation, Divine Energy, Renounce
Religion


You were in the Dungeon.
You worshipped Sif Muna.
Sif Muna was pleased with you.
You were not hungry.
You had blades for hands.
You visited 1 branch You collected 405 gold pieces.

Inventory:

Missiles
 a - 7 arrows
 j - 4 poisoned tomahawks (quivered)
Jewellery
 e - a cursed ring of loudness (left scythe-like blade)
Scrolls
 i - a scroll of blinking
 k - a scroll of remove curse {unknown}
Potions
 f - a potion of haste
 g - 2 potions of magic
Books
 b - a book of Changes

   Spells                             Type                      Level
   a - Beastly Appendage              Transmutation                1
   b - Sticks to Snakes               Transmutation                2
   c - Spider Form                    Transmutation/Poison         3
   d - Ice Form                       Ice/Transmutation            4
   e - Blade Hands                    Transmutation                5


   Skills:
 * Level 8.6 Fighting
 * Level 7.1 Dodging
 + Level 5.2 Stealth
 * Level 8.1 Unarmed Combat
 * Level 8.7 Spellcasting
 + Level 5.6 Transmutations
 + Level 4.4 Ice Magic
 + Level 4.5 Poison Magic


You had 9 spell levels left.
You knew the following spells:

 Your Spells              Type           Power        Failure   Level  Hunger
a - Beastly Appendage     Tmut           ###...       17%         1    None
b - Sticks to Snakes      Tmut           ###.....     21%         2    None
c - Spider Form           Tmut/Pois      ###.......   30%         3    ##.....
d - Ice Form              Ice/Tmut       ###.....     56%         4    ####...
e - Blade Hands           Tmut           ###.......   75%         5    #####..


Dungeon Overview and Level Annotations

Branches:
Dungeon (1/1)

Altars:
Cheibriados
Dithmenos
Elyvilon
Fedhas
Gozag
Hepliaklqana
Kikubaaqudgha
Makhleb
Nemelex Xobeh
Okawaru
Qazlal
Ru
Sif Muna
Trog
Uskayaw
Vehumet
Wu Jian
Xom
Yredelemnul
Zin
The Shining One
Jiyva
Lugonu

Shops:
D *

Annotations:
D exclusion: 2 doors


Innate Abilities, Weirdness & Mutations

You can breathe bolts of dispelling energy.
Your rich purple scales are hard. (AC +6)
You cannot fit into any form of body armour.
You are cold-blooded and may be slowed by cold attacks.


Message History

The centaur warrior unwields an uncursed shortbow.
The centaur warrior misses you.
Unknown command.
You feel better.
The centaur warrior barely misses you. x2
The centaur warrior hits you.
* * * LOW HITPOINT WARNING * * *
The centaur warrior hits you!
* * * LOW HITPOINT WARNING * * *
Unknown command.
A red film seems to cover your vision as you go berserk!
You feel yourself moving faster!
You feel mighty!
The centaur warrior closely misses you. x2
Unknown command.
You shred the centaur warrior!!!
The centaur warrior is almost dead.
Your transformation is almost over.
The centaur warrior hits you.
* * * LOW HITPOINT WARNING * * *
The centaur warrior hits you!
You die...

#######################
#.)'..#.)'..#__#..+.).#
'..#..'..#..+..+..#...#
#####+#####'#__####)..+
####..#...#.####%%#####
#__####..##.#§§§§c#
#_____##+#_§§≈§§@§+
#_.∩...+..._#§§§§c#
#_..__##_.#+##+####
#_____###+#.# #######
###


You could see 2 centaur warriors.

Vanquished Creatures
  2 kobold demonologists (D)
  A slime creature (D)
  Sigmund (D)
  A yak (D)
  A floating eye (D)
  An ogre (D)
  A jelly (D)
  Ijyb (D)
9 creatures vanquished.

Notes
Turn   | Place    | Note
-------+----------+-------------------------------------------
     0 | D        | Kidiri the Draconian Transmuter began the quest for the Orb.
     0 | D        | Reached XP level 1. HP: 16/16 MP: 3/3
     3 | D        | Noticed Ijyb
    19 | D        | Killed Ijyb
    19 | D        | Reached skill level 1 in Stealth
    19 | D        | Reached XP level 2. HP: 23/25 MP: 3/6
    52 | D        | Learned a level 2 spell: Sticks to Snakes
    57 | D        | Noticed an ogre
    60 | D        | HP: 1/25 [ogre/giant club (24)]
    65 | D        | Killed an ogre
    65 | D        | Reached XP level 3. HP: 22/33 MP: 1/8
    65 | D        | Reached XP level 4. HP: 27/40 MP: 1/9
    83 | D        | Learned a level 3 spell: Spider Form
    88 | D        | Learned a level 4 spell: Ice Form
   273 | D        | Noticed Sigmund
   280 | D        | Killed Sigmund
   280 | D        | Reached skill level 5 in Fighting
   280 | D        | Reached skill level 5 in Unarmed Combat
   280 | D        | Reached skill level 5 in Spellcasting
   280 | D        | Reached XP level 5. HP: 50/50 MP: 1/12
   465 | D        | Found an ornate altar of the Wu Jian Council.
   465 | D        | Found a deep blue altar of Sif Muna.
   467 | D        | Found a radiant altar of Vehumet.
   469 | D        | Reached skill level 5 in Dodging
   469 | D        | Reached XP level 6. HP: 57/57 MP: 8/13
   472 | D        | Became a worshipper of Sif Muna the Loreminder
   515 | D        | Learned a level 5 spell: Blade Hands
   516 | D        | Found Gopyuwasche's Assorted Antiques.
   516 | D        | Found an ancient bone altar of Kikubaaqudgha.
   516 | D        | Found a hazy altar of Hepliaklqana.
   516 | D        | Found a stormy altar of Qazlal.
   516 | D        | Found a hide-covered altar of Uskayaw.
   516 | D        | Found a blossoming altar of Fedhas.
   516 | D        | Found a bloodstained altar of Trog.
   516 | D        | Found an iron altar of Okawaru.
   516 | D        | Found a basalt altar of Yredelemnul.
   516 | D        | Found a glowing golden altar of the Shining One.
   516 | D        | Found a snail-covered altar of Cheibriados.
   516 | D        | Found a sacrificial altar of Ru.
   516 | D        | Found a glowing silver altar of Zin.
   516 | D        | Found a shadowy altar of Dithmenos.
   516 | D        | Found a white marble altar of Elyvilon.
   516 | D        | Noticed a yak
   524 | D        | Killed a yak
   528 | D        | Found an opulent altar of Gozag.
   529 | D        | Found a sparkling altar of Nemelex Xobeh.
   574 | D        | Found a burning altar of Makhleb.
   574 | D        | Found a viscous altar of Jiyva.
   574 | D        | Found a shimmering altar of Xom.
   574 | D        | Found a corrupted altar of Lugonu.
   574 | D        | Noticed a slime creature
   582 | D        | Killed a slime creature
   582 | D        | Reached * piety under Sif Muna
   582 | D        | Your scales start taking on a rich purple colour.
   582 | D        | Reached XP level 7. HP: 21/66 MP: 11/17
   940 | D        | Noticed a kobold demonologist
   941 | D        | Noticed a kobold demonologist
   945 | D        | Noticed a hellwing
   945 | D        | Reached skill level 5 in Transmutations
   948 | D        | Killed a kobold demonologist
   948 | D        | Reached ** piety under Sif Muna
   948 | D        | Reached skill level 5 in Stealth
   953 | D        | Killed a kobold demonologist
   953 | D        | Reached XP level 8. HP: 41/75 MP: 13/20
  1137 | D        | Noticed a centaur warrior
  1138 | D        | Noticed a centaur warrior
  1145 | D        | Slain by a centaur warrior

Vault maps used:
D:        dungeon_sprint_1

Skill      XL: |  1  2  3  4  5  6  7 |
---------------+----------------------+-----
Fighting       | 2 4 5 6 7 8 |  8.6
Dodging        | 2 3 4 5 6 7 |  7.1
Stealth        | 1 2 3 4 5 |  5.2
Spellcasting   | 3 5 7 8 |  8.7
Unarmed Combat | 4 5 6 7 8 |  8.1
Transmutations | 3 4 5 |  5.6
Ice Magic      | 2 3 4 |  4.4
Poison Magic   | 2 3 4 |  4.5

Action                   |  1- 3 |  4- 6 |  7- 9 || total
-------------------------+-------+-------+-------++-------
Melee: Unarmed           |    19 |    18 |    12 ||    49
       Headbutt          |     3 |       |       ||     3
       Tailslap          |     2 |     2 |       ||     4
       Kick              |     1 |       |       ||     1
 Cast: Beastly Appendage |     4 |       |       ||     4
       Sticks to Snakes  |     2 |     3 |       ||     5
       Spider Form       |       |     1 |       ||     1
       Ice Form          |       |     2 |       ||     2
       Blade Hands       |       |     1 |     2 ||     3
  Use: Potion            |     1 |       |     2 ||     3
 Stab: Distracted        |     1 |       |       ||     1
       Sleeping          |       |     1 |       ||     1
  Eat: Chunk             |       |       |     1 ||     1
       Bread ration      |       |       |     1 ||     1
Armor: Skin              |     6 |       |     2 ||     8
Dodge: Dodged            |     6 |     6 |    21 ||    33

Table legend:
 A = Spawn XP
 B = Non-spawn XP
 C = Spawn XP percentage of total XP
 D = Spawn monster count
 E = Non-spawn monster count
 F = Spawn count percentage of total count
 G = Total turns spent on level
                    A         B        C        D         E        F      G
               +---------+---------+-------+---------+---------+-------+---------
         Total |       0 |    1732 |   0.0 |       0 |       9 |   0.0 |  1145
               +---------+---------+-------+---------+---------+-------+---------
             D |       0 |    1732 |   0.0 |       0 |       9 |   0.0 |  1145
               +---------+---------+-------+---------+---------+-------+---------
